 Dungeon Crawl Stone Soup version 0.20-a0-472-g5c05303 (webtiles) character file.

7019 nikopol the Fighter (level 11, -8/71 HPs)
             Began as a Gargoyle Berserker on Jan 14, 2017.
             Was a High Priest of Trog.
             Mangled by a komodo dragon (24 damage)
             ... on level 1 of the Lair of Beasts.
             The game lasted 00:22:11 (8971 turns).

nikopol the Fighter (Gargoyle Berserker)            Turns: 8971, Time: 00:22:11

Health: -8/71      AC: 19    Str: 21    XL:     11   Next: 8%
Magic:  11/11      EV: 11    Int:  9    God:    Trog [*****.]
Gold:   597        SH:  0    Dex: 11    Spells: 10/10 levels left

rFire  . . .     SeeInvis .     a - +0 war axe
rCold  . . .     Gourm    +     j - +0 chain mail
rNeg   + + .     Faith    .     (no shield)
rPois  ∞         Spirit   .     D - +0 helmet
rElec  +         Reflect  .     (no cloak)
rCorr  .         Harm     .     (no gloves)
MR     .....                    (no boots)
Stlth  ..........               h - amulet of the gourmand
                                F - ring of positive energy
                                K - +4 ring of slaying

@: no status effects
A: negative energy resistance 1, electricity resistance, unbreathing,
petrification resistance, rot immunity, AC +7
a: Berserk, Trog's Hand, Brothers in Arms, Burn Spellbooks, Renounce Religion


You were on level 1 of the Lair of Beasts.
You worshipped Trog.
Trog was extremely pleased with you.
You were completely stuffed.

You visited 2 branches of the dungeon, and saw 10 of its levels.

You collected 597 gold pieces.

Inventory:

Hand Weapons
 a - a +0 war axe (weapon)
 s - a +0 shortbow
 z - a +4 longbow of flaming
Missiles
 k - 68 arrows (quivered)
Armour
 j - a +0 chain mail (worn)
 D - a +0 helmet (worn)
Jewellery
 h - an amulet of the gourmand (around neck)
 u - an uncursed ring of flight
 F - a ring of positive energy (right hand)
 K - a +4 ring of slaying (left hand)
Wands
 x - a wand of flame (14/48)
 E - a wand of paralysis (2/24)
Scrolls
 d - 5 scrolls of remove curse
 f - 2 scrolls of enchant armour {unknown}
 m - 7 scrolls of identify {unknown}
 r - 4 scrolls of fear {unknown}
 t - 3 scrolls of recharging {unknown}
 y - a scroll of acquirement {unknown}
 G - 3 scrolls of teleportation {unknown}
 H - 2 scrolls of enchant weapon {unknown}
 I - 5 scrolls of noise {unknown}
 L - a scroll of magic mapping {unknown}
 M - a scroll of blinking {unknown}
Potions
 b - 2 potions of lignification {unknown}
 e - 2 potions of mutation {unknown}
 g - a potion of berserk rage {unknown}
 l - 3 potions of degeneration {unknown}
 n - 2 potions of ambrosia {unknown}
 p - 3 potions of brilliance {unknown}
 v - 3 potions of curing {unknown}
 w - a potion of cure mutation {unknown}
 A - a potion of agility {unknown}
 B - 3 potions of might {unknown}
 J - 3 potions of invisibility {unknown}
Comestibles
 c - 6 bread rations
 i - 6 chunks of flesh
 o - 3 beef jerkies
 q - 51 fruits
 C - 6 meat rations


   Skills:
 + Level 9.1 Fighting
 * Level 8.5 Axes
 * Level 5.2 Bows
 + Level 8.6 Armour
 + Level 6.5 Dodging


You had 10 spell levels left.
You didn't know any spells.

Dungeon Overview and Level Annotations

Branches:
Dungeon (9/15)             Temple (0/1) D:5            Lair (1/6) D:8
    Orc: D:9-12

Altars:
Cheibriados
Elyvilon
Fedhas
Trog
Xom

Shops:
D:8 [


Innate Abilities, Weirdness & Mutations

You are resistant to torment.
Your stone body is resilient. (AC +7)
You are immune to poison.
You resist negative energy. (rN+)
You are resistant to electric shocks. (rElec)
You can survive without breathing.
You are immune to petrification.
You are immune to rotting.


Message History

The komodo dragon is severely wounded.
You hit the crocodile. The komodo dragon bites you!! The crocodile bites you!
* * * LOW HITPOINT WARNING * * *
The komodo dragon misses you.
You are too injured to fight recklessly!
You hit the komodo dragon but do no damage.
The komodo dragon is severely wounded.
You slash the crocodile! The crocodile barely misses you.
The komodo dragon bites you.
* * * LOW HITPOINT WARNING * * *
You hit the komodo dragon but do no damage.
The komodo dragon is severely wounded.
You slash the crocodile!
You kill the crocodile!
Trog accepts your kill. The komodo dragon barely misses you.
You hit the komodo dragon but do no damage.
The komodo dragon is severely wounded.
The komodo dragon bites you!!
You die...

##........# ##.#....##.#
...#....##.# ..
#P.##..##P.###.##
#..##.#.#...#P..#
P..######......# # ....#
##...#P.# .#
....####....#..####.#
.....##.....##..@((.###.#
.....##.....##...l((...(#
............##...(...##.#
....P#.......#.###...#
........[.......# #...#
.#..........#..P# ....#
...............## ..###
.#.P######P.P..# ## .#.##
##(##.#


You could see a komodo dragon.

Vanquished Creatures
  A two-headed ogre (D:9)
  A komodo dragon (Lair:1)
  A hornet (D:8)
  A troll (D:9)
  A hippogriff (D:7)
  A hungry ghost (D:8)
  3 porcupines
  2 sky beasts
  A phantom (D:8)
  An ice beast (D:8)
  3 black bears (D:8)
  2 orc warriors
  A necrophage (D:9)
  3 ogres
  7 wolves (Lair:1)
  2 centaurs (D:8)
  4 crocodiles (Lair:1)
  A big kobold (D:9)
  Blork the orc (D:6)
  6 bullfrogs
  A wyvern zombie (D:8)
  A gnoll sergeant (D:9)
  3 scorpions
  5 killer bees (D:9)
  4 wights (D:7)
  2 howler monkeys (D:7)
  A crimson imp (D:9)
  2 bullfrog zombies
  3 centaur skeletons
  3 orc priests
  9 orc wizards
  4 hounds
  3 jellies
  2 bullfrog skeletons
  Jessica (D:2)
  4 iguanas
  Terence (D:3)
  5 worker ants
  2 hound skeletons
  2 howler monkey zombies (D:5)
  A worker ant zombie (D:9)
  13 gnolls
  7 adders
  2 shadow imps
  3 oozes
  An adder zombie (D:8)
  2 adder skeletons
  6 worms
  A dart slug (D:3)
  5 leopard geckos
  18 orcs
  A ball python (D:2)
  7 giant cockroaches
  8 goblins
  3 hobgoblins
  23 jackals
  2 quokkas (D:7)
  6 bats
  4 frilled lizards
  6 kobolds
  A leopard gecko skeleton (D:8)
  A quokka skeleton (D:6)
  A quokka zombie (D:6)
  7 rats
  2 fungi (D:8)
  A plant (Lair:1)
233 creatures vanquished.

Vanquished Creatures (others)
  2 fungi (D:8)
  5 toadstools (D:1)
7 creatures vanquished.

Grand Total: 240 creatures vanquished

Notes
Turn   | Place    | Note
-------+----------+-------------------------------------------
     0 | D:1      | nikopol the Gargoyle Berserker began the quest for the Orb.
     0 | D:1      | Reached XP level 1. HP: 14/14 MP: 1/1
   156 | D:1      | Reached XP level 2. HP: 19/19 MP: 2/2
   780 | D:1      | Reached XP level 3. HP: 23/23 MP: 3/3
   946 | D:2      | Reached ** piety under Trog
  1128 | D:2      | Reached XP level 4. HP: 22/29 MP: 4/4
  1303 | D:2      | You fall through a shaft!
  1367 | D:3      | Reached skill level 4 in Fighting
  1532 | D:3      | Noticed Terence
  1542 | D:3      | Killed Terence
  1542 | D:3      | Reached XP level 5. HP: 33/33 MP: 5/5
  1817 | D:2      | Found a bloodstained altar of Trog.
  1829 | D:2      | Noticed Jessica
  1842 | D:2      | Killed Jessica
  1905 | D:2      | Found a blossoming altar of Fedhas.
  2038 | D:2      | Found a snail-covered altar of Cheibriados.
  2176 | D:4      | Reached XP level 6. HP: 39/39 MP: 6/6
  2185 | D:4      | Reached *** piety under Trog
  2969 | D:5      | Entered Level 5 of the Dungeon
  3054 | D:5      | Reached skill level 5 in Fighting
  3054 | D:5      | Reached XP level 7. HP: 34/44 MP: 7/7
  3279 | D:5      | Found a staircase to the Ecumenical Temple.
  3884 | D:6      | Noticed Blork the orc
  3891 | D:6      | Killed Blork the orc
  3891 | D:6      | Reached skill level 5 in Armour
  3974 | D:6      | Found a white marble altar of Elyvilon.
  4009 | D:6      | Reached XP level 8. HP: 27/51 MP: 8/8
  4465 | D:6      | Got a brightly glowing scale mail
  4488 | D:6      | Identified the cursed +1 scale mail of the Commoners {rF+ Int+2 Dex-4} (You found it on level 6 of the Dungeon)
  4626 | D:6      | Reached skill level 5 in Axes
  4689 | D:6      | Reached skill level 6 in Fighting
  4935 | D:7      | Noticed a hippogriff
  4947 | D:7      | Killed a hippogriff
  4971 | D:7      | Reached **** piety under Trog
  5280 | D:7      | Reached XP level 9. HP: 48/56 MP: 9/9
  5286 | D:7      | Reached skill level 7 in Fighting
  5506 | D:7      | Reached skill level 5 in Dodging
  5853 | D:8      | Found a staircase to the Lair.
  6569 | D:8      | Found Oveixkoi's Antique Armour Shop.
  6607 | D:8      | Reached skill level 8 in Fighting
  6882 | D:8      | Noticed a hornet
  6893 | D:8      | Killed a hornet
  6893 | D:8      | Reached skill level 1 in Bows
  6893 | D:8      | Reached XP level 10. HP: 54/64 MP: 10/10
  7172 | D:9      | Reached ***** piety under Trog
  7201 | D:9      | Noticed a two-headed ogre
  7209 | D:9      | Killed a two-headed ogre
  8377 | D:9      | Received a gift from Trog
  8450 | D:9      | Found a shimmering altar of Xom.
  8693 | Lair:1   | Entered Level 1 of the Lair of Beasts
  8904 | Lair:1   | Reached skill level 9 in Fighting
  8904 | Lair:1   | Reached XP level 11. HP: 71/71 MP: 11/11
  8958 | Lair:1   | Reached skill level 5 in Bows
  8971 | Lair:1   | Mangled by a komodo dragon

Vault maps used:
D:1:      ldierk_walled_garden
D:2:      marbit_many_paths, fedhas_altar_fruit_tree, lemuel_round_altar,
          st_stairs_10, kennysheep_generic_room_12, uniq_jessica
D:3:      uniq_terence
D:5:      first_bread, hangedman_abyss_or_decor_passed
D:6:      basic_altar, minmay_door_square, uniq_blork_the_orc
D:8:      grunt_lair_entry_orc_guard_hut, serial_shops, shop, st_stairs_8
D:9:      basic_altar, blue_anna_alchemist
Lair:1:   beast_lair_carwin_5, lemuel_fruit_fields

Skill      XL: |  1  2  3  4  5  6  7  8  9 10 11 |
---------------+----------------------------------+-----
Axes           | 3 4 5 6 8 |  8.5
Dodging        | 2 3 4 5 6 |  6.5
Armour         | 3 4 5 6 7 8 |  8.6
Fighting       | 4 5 6 8 9 |  9.1
Bows           | 1 4 5 |  5.2

Action                   |  1- 3 |  4- 6 |  7- 9 | 10-12 || total
-------------------------+-------+-------+-------+-------++-------
Melee: Hand axe          |   114 |   184 |       |       ||   298
       War axe           |       |    44 |   394 |   140 ||   578
 Fire: Shortbow          |       |       |     7 |    45 ||    52
       Longbow           |       |       |       |    18 ||    18
Invok: Berserk           |       |     2 |     3 |     3 ||     8
       Trog's Hand       |       |       |     1 |       ||     1
  Use: Scroll            |       |       |     1 |       ||     1
 Stab: Sleeping          |     2 |       |       |       ||     2
  Eat: Chunk             |     4 |    18 |    26 |    10 ||    58
       Beef jerky        |       |       |     2 |       ||     2
       Royal jelly       |       |       |     1 |       ||     1
       Fruit             |       |       |     1 |       ||     1
Armor: Animal skin       |    35 |       |       |       ||    35
       Chain mail        |    43 |   146 |    80 |   117 ||   386
       Scale mail        |       |       |   227 |       ||   227
Dodge: Dodged            |    77 |   118 |   286 |    88 ||   569
